 Dungeon Crawl Stone Soup version 0.30.1-11-g7821555f0a (webtiles) character file.

Game seed: 10138234076357747310

245082 fleeber the Warrior (level 20, -31/160 HPs)
             Began as a Djinni Fire Elementalist on Sept 26, 2023.
             Was the Champion of Makhleb.
             Killed from afar by an ironbound thunderhulk (58 damage)
             ... with a bolt of lightning
             ... on level 1 of the Vaults on Nov 18, 2023.
             The game lasted 06:02:46 (63068 turns).

fleeber the Warrior (Djinni Fire Elementalist)     Turns: 63068, Time: 06:02:47

Health: -31/160    AC: 13    Str:  9    XL:     20   Next: 25%
Gold:   881        EV: 20    Int: 24    God:    Makhleb [******] SH: 11 Dex: 19

rFire   + + .        Q - +7 falchion "Deemest" {heavy, rPois rN+ Will- Stlth+}
rCold   + . .        g - +1 kite shield {rC+}
rNeg    + + +        q - +1 troll leather armour
rPois   ∞            I - +2 hat
rElec   .            Y - +2 cloak {rCorr}
rCorr   +            a - +1 pair of gloves
SInv    +            (boots unavailable)
Will    ++++.        J - amulet of the Four Winds {rN+ Will+++ Clar}
Stlth   +++          R - ring "Siwk" {Drain rN+ Int+5 SInv}
HPRegen 1.26/turn    W - ring of protection from cold
MPRegen 0.00/turn

%: clarity, infuse magic (-32 HP)
@: flying
A: sickness immunity, fire resistance 2, cold vulnerability 1, float, innate
caster, HP casting, extra vitality 1
}: 2/15 runes: serpentine, barnacled
a: Renounce Religion, Minor Destruction, Lesser Servant of Makhleb, Major
Destruction, Greater Servant of Makhleb


You were on level 1 of the Vaults.
You worshipped Makhleb.
Makhleb was exalted by your worship.
You visited 7 branches of the dungeon, and saw 32 of its levels.
You also visited: Sewer and Bailey.

You collected 3810 gold pieces.
You spent 2929 gold pieces at shops.

Inventory:

Hand Weapons
 Q - the +7 falchion "Deemest" (weapon) {heavy, rPois rN+ Will- Stlth+}
   (You found it on level 3 of the Lair of Beasts)

   rPois:     It protects you from poison.
   rN:        It protects you from negative energy.
   Will:      It decreases your willpower.
   Stlth:     It makes you more stealthy.
Missiles
 x - 8 throwing nets
Armour
 a - a +1 pair of gloves (worn)
 g - a +1 kite shield of cold resistance (worn)
 q - a +1 troll leather armour (worn)
 I - a +2 hat (worn)
 Y - a +2 cloak of preservation (worn)
Jewellery
 u - the ring of Fanaticism {Contam rF+++ Will+ rCorr Str-2}
   (You found it on level 1 of the Vaults)

   [ring of willpower]

   Str:       It affects your strength (-2).
   rF:        It renders you almost immune to fire.
   Contam:    It causes magical contamination when unequipped.
   rCorr:     It protects you from acid and corrosion.
   Will:      It increases your willpower.
 J - the amulet of the Four Winds (around neck) {rN+ Will+++ Clar}
   (You bought it in a shop on level 13 of the Dungeon)

   [amulet of nothing]

   rN:        It protects you from negative energy.
   Clar:      It protects you from confusion, rage, mesmerisation and fear.
   Will:      It greatly increases your willpower.
 R - the ring "Siwk" (left hand) {Drain rN+ Int+5 SInv}
   (You bought it in a shop on level 3 of the Dungeon)

   [ring of positive energy]

   Int:       It affects your intelligence (+5).
   rN:        It protects you from negative energy.
   SInv:      It lets you see invisible.
   Drain:     It drains your maximum health when unequipped.
 W - a ring of protection from cold (right hand)
Wands
 k - a wand of polymorph (16)
 p - a wand of light (4)
 v - a wand of iceblast (6)
 B - a wand of mindburst (14)
 E - a wand of paralysis (20)
 G - a wand of digging (5)
 V - a wand of flame (38)
Scrolls
 c - 3 scrolls of teleportation
 e - 5 scrolls of poison
 f - 3 scrolls of magic mapping
 h - 2 scrolls of amnesia
 j - a scroll of fear
 n - 6 scrolls of identify
 o - 5 scrolls of brand weapon
 s - 6 scrolls of noise
 w - 4 scrolls of fog
 y - 10 scrolls of vulnerability
 D - 3 scrolls of torment
 P - 2 scrolls of enchant weapon
 S - 7 scrolls of immolation
Potions
 b - 7 potions of degeneration
 d - 5 potions of might
 i - 8 potions of attraction
 l - 13 potions of mutation
 m - a potion of invisibility
 r - 5 potions of curing
 t - 3 potions of brilliance
 z - 2 potions of berserk rage
 A - 6 potions of resistance
 F - 3 potions of ambrosia
 H - a potion of haste
 K - a potion of lignification
 X - a potion of magic {unknown}


   Skills:
 - Level 19.0 Fighting
 + Level 2.9 Long Blades
 - Level 6.0 Armour
 - Level 16.5 Dodging
 - Level 1.5 Stealth
 + Level 4.4 Shields
 + Level 16.7 Spellcasting
 + Level 5.2 Invocations
 - Level 10.0 Evocations


You knew the following spells:

 Your Spells              Type           Power      Damage    Failure   Level
a - Blink                 Tloc           100%       N/A       1%          2
b - Summon Cactus Giant   Summ           39%        N/A       2%          6
c - Spellforged Servitor  Conj/Summ      39%        N/A       14%         7
d - Freezing Cloud        Conj/Ice/Air   39%        6-21      1%          5
e - Flame Wave            Conj/Fire      79%        2d17      1%          4
f - Scorch                Fire           100%       2d9       1%          2
g - Enfeeble              Hex            39%        N/A       14%         7
h - Agony                 Necr           79%        N/A       1%          5
i - Vampiric Draining     Necr           79%        2d11      1%          3
j - Ensorcelled Hibernat  Hex/Ice        100%       N/A       1%          2
k - Inner Flame           Hex/Fire       79%        N/A       1%          3
l - Kiss of Death         Conj/Necr      100%       2d13      1%          1
m - Volatile Blastmotes   Fire/Tloc      100%       2d18      1%          3
s - Foxfire               Conj/Fire      100%       2x1d9     1%          1
Your spell library was empty.

Dungeon Overview and Level Annotations

Branches:
Dungeon (15/15)            Temple (1/1) D:4            Lair (5/5) D:10
 Shoals (4/4) Lair:3        Snake (4/4) Lair:2        Slime (0/5) Lair:5
    Orc (2/2) D:9             Elf (0/3) Orc:2        Vaults (1/5) D:13
 Depths (0/4) D:15          Sewer (visited)          Bailey (visited)

Altars:
Ashenzari
Cheibriados
Dithmenos
Elyvilon
Fedhas
Gozag
Hepliaklqana
Makhleb
Nemelex Xobeh
Okawaru
Qazlal
Ru
Trog
Uskayaw
Wu Jian
Xom
Yredelemnul
Zin
The Shining One
Jiyva
Lugonu

Shops:
D:3 =   D:13 ==(   Orc:2 *(**   Shoals:1 [   Snake:4 *

Portals:
Abyss: Shoals:1
Trove: D:10 (give +4 fire dragon scales)

Annotations:
D:2 1 runed translucent door, Crazy Yiuf
D:3 exclusion: downstairs
D:4 3 runed translucent doors, exclusion: ogre, asdasdasdasdasd's ghost, amateur DESu
D:5 1 runed translucent door
D:10 exclusion: upstairs
D:12 exclusion: downstairs
D:14 exclusion: downstairs, Roxanne
Lair:1 2 transporters, Acaghets's ghost, journeyman DEFE
Lair:4 exclusion: downstairs
Shoals:1 1 runed translucent door, exclusion: downstairs
Shoals:2 exclusion: ice statue
Snake:2 exclusion: 2 downstairs
Snake:3 3 runed translucent doors, Dadghomedgh's ghost, adept GnHW; Sokuv's ghost, adept DECj; Ychaviel's ghost, journeyman DsDe; ringo67's ghost, adept AtFi
Vaults:1 Asterion


Innate Abilities, Weirdness & Mutations

You are immune to sickness and miasma.
You are immune to poison.
Your flesh is very heat resistant. (rF++)
You are vulnerable to cold. (rC-)
You float through the air rather than walking.
You learn spells naturally, not from books.
Your magical power is your life essence.
You have superior vitality. (+4 MHP)


Message History

The centaur warrior completely misses you.
You slash the centaur warrior!
The centaur warrior is moderately wounded.
You block the centaur warrior's attack. The centaur warrior barely misses you.
The centaur warrior hits you with a +0 morningstar!
The centaur warrior misses you.
An ironbound thunderhulk comes into view.
It is wielding a +0 dire flail.
You block the centaur warrior's attack.
The centaur warrior kicks you but does no damage.
You hit the centaur warrior.
The centaur warrior is moderately wounded.
You block the centaur warrior's attack. The centaur warrior kicks you.
Your cactus giant hits the centaur warrior with a +0 giant spiked club!!
The centaur warrior completely misses you.
The centaur warrior barely misses you.
You hit the centaur warrior.
The centaur warrior is severely wounded.
You block the centaur warrior's attack. x3; The centaur warrior kicks you.
The orc warlord misses you.
The orc warlord hits your cactus giant with a +0 war axe!
You block the centaur warrior's attack. The centaur warrior kicks you.
The orc warlord blocks your cactus giant's attack.
The orc warlord hits you with a +0 war axe!!
The orc warlord hits your cactus giant with a +0 war axe!
You blink.
An ironbound thunderhulk comes into view.
It is wielding a +0 dire flail.
Electricity crackles from the ironbound thunderhulk's apparatus.
The bolt of lightning hits you!!
Electricity crackles from the ironbound thunderhulk's apparatus.
The bolt of lightning hits you!!
* * * LOW HITPOINT WARNING * * *
The orc warlord is struck by your cactus giant's spines.
The orc warlord hits your cactus giant with a +0 war axe!!
The centaur warrior unwields a +0 morningstar.
The centaur warrior wields a +0 longbow.
The centaur warrior shoots an arrow.
The arrow hits you!
* * * LOW HITPOINT WARNING * * *
Electricity crackles from the ironbound thunderhulk's apparatus.
The bolt of lightning hits you!!!
You die...

#######
###+#########.#....
#.@.........#...~~.
#.####..###.#..~~~.
#.# #.#.#[.~≈≈~
#.## #)'.#...~~⌠


#cO ###.#..~~~~ #O. ### #..#..~~~. #.###.# #..#...~~. #C§"#.#####.'.#....
#o#.#'##..#)####### You could see an ironbound thunderhulk, a centaur warrior
and a friendly cactus giant (summoned).

Vanquished Creatures
  Polyphemus (Shoals:2)
  2 nagarajas (Snake:4)
  An orc warlord (Orc:1)
  2 ironbound thunderhulks (Vaults:1)
  A dire elephant (shapeshifter) (D:9)
  2 merfolk javelineers
  4 merfolk impalers
  Josephine (Lair:5)
  Fannar (D:11)
  5 hydras
  6 vault guards (D:13)
  Harold (D:9)
  A salamander tyrant (Snake:3)
  4 boulder beetles
  A catoblepas (Shoals:2)
  7 centaur warriors
  An ironbound frostheart (Vaults:1)
  2 merfolk aquamancers (Shoals:4)
  4 satyrs
  An alligator snapping turtle (Shoals:2)
  8 anacondas
  Erica (D:9)
  6 merfolk avatars
  7 two-headed ogres
  A tengu warrior (D:14)
  7 naga sharpshooters
  7 naga warriors
  Urug (Lair:4)
  6 death yaks
  3 orc high priests (Orc:2)
  7 shock serpents
  Sonja (D:13)
  A salamander mystic (Snake:4)
  A skeletal warrior (D:12)
  7 sea snakes
  3 skysharks
  6 naga ritualists
  2 necromancers
  An orc knight (Orc:1)
  2 deep elf pyromancers (D:13)
  A wizard (D:15)
  16 harpies
  8 fauns
  4 orc sorcerers
  3 wolf spiders
  2 mana vipers
  6 salamanders
  4 cyclopes
  10 ugly things
  7 manticores
  2 human skeletons (Vaults:1)
  A centaur zombie (D:15)
  10 elephants
  2 water nymphs
  6 guardian serpents
  8 naga magi
  An apocalypse crab (Shoals:1)
  2 merfolk sirens
  16 cane toads
  41 black mambas
  Maggie (D:6)
  2 torpor snails
  A tengu conjurer (D:15)
  10 komodo dragons
  5 rime drakes
  A yaktaur (Vaults:1)
  4 meliai
  A polar bear (Lair:1)
  11 trolls
  15 merfolk
  6 wind drakes
  3 hornets
  A raiju (shapeshifter) (D:14)
  11 dream sheep
  8 snapping turtles
  16 blink frogs
  A shadow (D:10)
  2 slime creatures (Vaults:1)
  7 wraiths
  22 wyverns
  7 water elementals
  6 spriggans (Lair:3)
  4 hogs (Snake:3)
  Eustachio (D:6)
  45 yaks
  8 nameless horrors
  7 basilisks
  A steam dragon (D:8)
  2 redbacks (Lair:5)
  9 vampire mosquitoes
  Edmund (D:6)
  29 nagas
  4 wargs
  18 water moccasins
  A hell hound (Lair:5)
  27 orc warriors
  3 black bears
  An ice beast (D:5)
  6 ogres
  3 sky beasts
  18 wolves
  6 centaurs
  A phantom (D:7)
  7 kobold brigands
  11 bullfrogs
  3 scorpions
  15 wights
  15 killer bees
  4 quasits (D:7)
  3 hounds
  2 jellies
  A human zombie (D:5)
  2 iguanas
  A gnoll bouda (D:6)
  18 orc priests
  14 hell rats
  3 sleepcaps
  31 orc wizards
  14 gnolls
  13 adders
  4 river rats
  4 shadow imps
  8 white imps (D:7)
  3 ufetubi
  4 worms
  3 dart slugs
  82 orcs
  4 bats
  15 endoplasms
  4 giant cockroaches
  11 goblins
  8 hobgoblins
  3 jackals (D:2)
  26 kobolds
  4 quokkas
  9 ball pythons
  2 frilled lizards (D:1)
  10 rats
  3 butterflies (Lair:3)
  A foxfire (D:15)
977 creatures vanquished.

Vanquished Creatures (collateral kills)
  Saint Roka (Snake:2)
  2 nagarajas (Snake:4)
  Kirke (Snake:3)
  A frost giant (Vaults:1)
  Aizul (Snake:3)
  Nessos (Orc:2)
  A minotaur (Shoals:3)
  A merfolk impaler (Shoals:3)
  3 yaktaur captains (Vaults:1)
  2 vault guards (D:13)
  A salamander tyrant (Snake:4)
  2 merfolk avatars (Shoals:4)
  2 boulder beetles
  6 anacondas
  3 centaur warriors (Vaults:1)
  A merfolk aquamancer (Shoals:4)
  3 tengu warriors
  7 naga warriors
  A satyr (Shoals:4)
  A shock serpent (Snake:1)
  8 naga sharpshooters
  2 salamander mystics
  A sea snake (Shoals:4)
  4 skeletal warriors
  4 naga ritualists
  A wizard (D:15)
  A necromancer (Vaults:1)
  A deep elf pyromancer (D:13)
  3 harpies
  A lindwurm (shapeshifter) (D:15)
  A lindwurm (Vaults:1)
  An orc knight (D:15)
  3 orc sorcerers
  8 mana vipers
  2 ugly things
  3 cyclopes
  A faun (Shoals:4)
  4 manticores
  5 salamanders
  2 apocalypse crabs (Lair:3)
  2 centaur zombies (D:15)
  16 black mambas
  A slime creature (Vaults:1)
  4 guardian serpents
  A vault sentinel (Vaults:1)
  A nameless horror (Shoals:4)
  4 naga magi
  2 centaur skeletons (D:15)
  A yaktaur (Vaults:1)
  A komodo dragon (shapeshifter) (D:15)
  3 merfolk
  2 trolls
  3 meliai
  4 wind drakes
  5 snapping turtles
  4 dream sheep (Shoals:4)
  An elf skeleton (Vaults:1)
  6 water elementals
  A wraith (D:14)
  A hog (Snake:3)
  2 vampire mosquitoes (D:12)
  A warg (Orc:1)
  9 nagas
  13 orc warriors
  A human zombie (Vaults:1)
  7 orc priests
  3 orc wizards
  An ufetubus (Vaults:1)
  12 orcs
  17 foxfires
226 creatures vanquished.

Vanquished Creatures (others)
  A human (Snake:3)
  1558 foxfires
1559 creatures vanquished.

Grand Total: 2762 creatures vanquished

Notes
Turn   | Place    | Note
-------+----------+-------------------------------------------
     0 | D:1      | fleeber the Djinni Fire Elementalist began the quest for
                  | the Orb.
     0 | D:1      | fleeber set off with the following spells memorised:
                  | Foxfire, Scorch, Volatile Blastmotes, Inner Flame, Flame
                  | Wave.
     0 | D:1      | Reached XP level 1. HP: 15/15 MP: 0/0
   197 | D:1      | Found a faded altar of an unknown god.
   197 | D:1      | Noticed a chaos spawn
   265 | D:1      | Reached XP level 2. HP: 20/22 MP: 0/0
   319 | D:1      | Reached skill level 1 in Fighting
   598 | D:1      | Reached XP level 3. HP: 17/27 MP: 0/0
   598 | D:1      | Learned a level 1 spell: Kiss of Death
  1191 | D:2      | Reached skill level 2 in Fighting
  1191 | D:2      | Reached XP level 4. HP: 23/33 MP: 0/0
  1374 | D:2      | Identified the +0 plate armour of Fanaticism {Str-3 Int+4}
  1431 | D:2      | Found a runed translucent door.
  1432 | D:2      | Noticed Crazy Yiuf
  1532 | D:2      | Found a basalt altar of Yredelemnul.
  1782 | D:2      | Reached XP level 5. HP: 35/39 MP: 0/0
  1782 | D:2      | Learned a level 2 spell: Blink
  2214 | D:3      | Found a stormy altar of Qazlal.
  2303 | D:3      | Found Zapto's Jewellery Boutique.
  2415 | D:3      | Found a bloodstained altar of Trog.
  2416 | D:3      | Found a hide-covered altar of Uskayaw.
  2653 | D:3      | You are sucked into a shaft and drop 1 floor!
  3004 | D:4      | Found a hazy altar of Hepliaklqana.
  3070 | D:4      | Reached skill level 3 in Fighting
  3070 | D:4      | Reached XP level 6. HP: 41/46 MP: 0/0
  3124 | D:4      | Found a runed translucent gate.
  3124 | D:4      | Found a runed translucent gate.
  3125 | D:4      | Noticed asdasdasdasdasd's ghost (amateur DESu)
  3126 | D:4      | Found a runed translucent gate.
  3213 | D:4      | Noticed an ogre
  3221 | D:4      | Reached skill level 1 in Armour
  3397 | D:4      | Found a staircase to the Ecumenical Temple.
  3421 | Temple   | Entered the Ecumenical Temple
  3842 | D:4      | Killed an ogre
  3843 | D:4      | Reached skill level 4 in Fighting
  3843 | D:4      | Reached XP level 7. HP: 45/52 MP: 0/0
  3843 | D:4      | Learned a level 2 spell: Ensorcelled Hibernation
  3952 | D:5      | Entered Level 5 of the Dungeon
  4231 | D:5      | Found a runed translucent door.
  4231 | D:5      | Noticed a human
  4235 | D:5      | Found a basalt altar of Yredelemnul.
  4240 | D:5      | Reached XP level 8. HP: 52/58 MP: 0/0
  4341 | D:5      | Reached skill level 5 in Fighting
  4602 | D:5      | Found a burning altar of Makhleb.
  4709 | D:5      | Became a worshipper of Makhleb the Destroyer
  4755 | D:5      | Found a blossoming altar of Fedhas.
  5230 | D:6      | Found a glowing drain.
  5301 | Sewer    | Entered a sewer
  5545 | Sewer    | Reached skill level 5 in Spellcasting
  5658 | Sewer    | Reached skill level 5 in Dodging
  5663 | Sewer    | Reached * piety under Makhleb
  5664 | Sewer    | Reached skill level 6 in Fighting
  5664 | Sewer    | Reached XP level 9. HP: 59/66 MP: 0/0
  5664 | Sewer    | Learned a level 3 spell: Vampiric Draining
  6337 | D:6      | Noticed Maggie
  6352 | D:6      | Noticed Edmund
  6367 | D:6      | Noticed Eustachio
  6379 | D:6      | Killed Eustachio
  6390 | D:6      | Killed Maggie
  6532 | D:6      | Killed Edmund
  6533 | D:6      | Reached skill level 7 in Fighting
  6862 | D:7      | Reached ** piety under Makhleb
  7009 | D:7      | Found a flagged portal.
  7018 | Bailey   | Entered a bailey
  7024 | Bailey   | Noticed an orc knight
  7112 | Bailey   | Identified the +2 robe of Inaction {rF+ Regen+ Stlth-}
  7360 | Bailey   | Identified the +1 battleaxe of Ogytadik {vamp, Str+2 Int+4
                  | Dex+3}
  7510 | Bailey   | Reached skill level 1 in Evocations
  7668 | D:7      | Found a snail-covered altar of Cheibriados.
  7829 | D:7      | Reached XP level 10. HP: 74/75 MP: 0/0
  8312 | D:7      | Reached *** piety under Makhleb
  8313 | D:7      | Reached skill level 8 in Fighting
  8703 | D:7      | Reached skill level 5 in Armour
  9533 | D:8      | Reached **** piety under Makhleb
  9664 | D:8      | Found an opulent altar of Gozag.
  9664 | D:8      | Found a sparkling altar of Nemelex Xobeh.
 10651 | D:9      | Found an iron altar of Okawaru.
 10665 | D:9      | Noticed Harold
 10852 | D:9      | Noticed a two-headed ogre
 10868 | D:9      | Killed a two-headed ogre
 10869 | D:9      | Reached skill level 9 in Fighting
 10869 | D:9      | Reached XP level 11. HP: 83/84 MP: 0/0
 10869 | D:9      | Learned a level 5 spell: Agony
 11084 | D:9      | Found a white marble altar of Elyvilon.
 11084 | D:9      | Found a glowing golden altar of the Shining One.
 11084 | D:9      | Found a glowing silver altar of Zin.
 11084 | D:9      | Noticed Erica
 11111 | D:9      | Found a staircase to the Orcish Mines.
 11445 | D:9      | Noticed an azure jelly
 11832 | D:9      | Noticed a storm dragon
 11847 | D:10     | Entered Level 10 of the Dungeon
 12246 | D:10     | Noticed a two-headed ogre
 12257 | D:10     | Killed a two-headed ogre
 12615 | D:10     | Found a staircase to the Lair.
 12638 | D:10     | Noticed a two-headed ogre
 12650 | D:10     | Killed a two-headed ogre
 12651 | D:10     | Reached skill level 10 in Fighting
 12755 | D:10     | Noticed a two-headed ogre
 12778 | D:10     | Reached skill level 5 in Evocations
 12806 | D:10     | Killed a two-headed ogre
 12807 | D:10     | Reached XP level 12. HP: 60/92 MP: 0/0
 13162 | D:10     | Found a portal to a secret trove of treasure.
 13304 | Lair:1   | Entered Level 1 of the Lair of Beasts
 13485 | Lair:1   | Found a bloodstained altar of Trog.
 13485 | Lair:1   | Noticed a spriggan rider
 13492 | Lair:1   | Noticed Acaghets's ghost (journeyman DEFE)
 13815 | Lair:1   | Identified the +0 ring mail "Faleb" {rPois Will+ Int+4
                  | Dex+3}
 14085 | Lair:1   | Found a transporter.
 14087 | Lair:1   | Found a transporter.
 14275 | Lair:1   | Identified the staff of earth "Donug Aca" {rC++ Will+ Str-2
                  | Int+2 Dex+3}
 14399 | Lair:1   | Reached skill level 11 in Fighting
 14447 | Lair:1   | You are sucked into a shaft and drop 1 floor!
 15224 | Lair:2   | Found a staircase to the Snake Pit.
 16299 | D:3      | Bought the ring "Siwk" {Drain rN+ Int+5 SInv} for 433 gold
                  | pieces
 16642 | Lair:3   | Reached XP level 13. HP: 37/100 MP: 0/0
 16642 | Lair:3   | Learned a level 5 spell: Freezing Cloud
 16870 | Lair:3   | Reached skill level 12 in Fighting
 17199 | Lair:3   | Reached ***** piety under Makhleb
 17388 | Lair:3   | Reached skill level 10 in Spellcasting
 17427 | Lair:3   | Identified the +7 falchion "Deemest" {heavy, rPois rN+
                  | Will- Stlth+}
 17459 | Lair:3   | Reached skill level 10 in Dodging
 17901 | Lair:3   | Found a staircase to the Shoals.
 18444 | Lair:4   | Noticed Urug
 18471 | Lair:4   | Killed Urug
 19856 | D:9      | Noticed a dire elephant
 19879 | D:9      | Killed a dire elephant
 20041 | D:9      | Killed Harold
 20042 | D:9      | Reached skill level 13 in Fighting
 20697 | D:9      | Killed Erica
 20866 | Lair:5   | Entered Level 5 of the Lair of Beasts
 20866 | Lair:5   | Noticed a six-headed hydra
 20872 | Lair:5   | Killed a six-headed hydra
 20883 | Lair:5   | Noticed an eight-headed hydra
 21075 | Lair:5   | Reached XP level 14. HP: 95/110 MP: 0/0
 21620 | Lair:5   | Reached skill level 14 in Fighting
 22529 | Lair:5   | Reached ****** piety under Makhleb
 22577 | Lair:5   | Noticed Josephine
 22616 | Lair:5   | Killed Josephine
 23454 | Lair:5   | Found a viscous altar of Jiyva.
 23454 | Lair:5   | Found a staircase to the Slime Pits.
 23462 | Lair:5   | Reached XP level 15. HP: 107/118 MP: 0/0
 23462 | Lair:5   | Learned a level 6 spell: Summon Cactus Giant
 24210 | Lair:5   | Identified the staff of poison "Xito" {rPois rF+}
 25337 | D:11     | Noticed Fannar
 25365 | D:11     | Killed Fannar
 25600 | Orc:1    | Entered Level 1 of the Orcish Mines
 25840 | Orc:1    | Noticed an orc warlord
 25856 | Orc:1    | Killed an orc warlord
 25857 | Orc:1    | Reached skill level 15 in Fighting
 27196 | Orc:2    | Entered Level 2 of the Orcish Mines
 27881 | Orc:2    | Reached skill level 1 in Shields
 28050 | Orc:2    | Noticed Nessos
 28057 | Orc:2    | Killed Nessos
 28498 | Orc:2    | Found a staircase to the Elven Halls.
 29348 | Orc:2    | Found Huckai's Assorted Antiques.
 29349 | Orc:2    | Found Mupaf's Assorted Antiques.
 29350 | Orc:2    | Found Vom Tirch's Assorted Antiques.
 29354 | Orc:2    | Found Bafed's Weapon Shop.
 29357 | Orc:2    | Bought a ring of the Octopus King for 105 gold pieces
 29357 | Orc:2    | Found the ring of the Octopus King {Fly HP+2 AC+2 EV+2
                  | SH+2}
 29357 | Orc:2    | Found the ring of the Octopus King {Fly HP+2 AC+2 EV+2
                  | SH+2}
 29359 | Orc:2    | Bought a potion of heal wounds for 110 gold pieces
 29359 | Orc:2    | Bought a scroll of blinking for 165 gold pieces
 29359 | Orc:2    | Bought a scroll of identify for 44 gold pieces
 29360 | Orc:2    | Bought a scroll of teleportation for 75 gold pieces
 29360 | Orc:2    | Bought a scroll of identify for 50 gold pieces
 29360 | Orc:2    | Bought a potion of heal wounds for 125 gold pieces
 29365 | Orc:2    | Bought an embroidered cloak for 165 gold pieces
 29372 | Orc:2    | Bought a granite ring for 105 gold pieces
 31315 | D:13     | Noticed Sonja
 31321 | D:13     | Killed Sonja
 31322 | D:13     | Reached skill level 10 in Evocations
 31455 | D:13     | Found Yhen's Jewellery Boutique.
 31457 | D:13     | Found Qeugrejiti's Jewellery Shoppe.
 31541 | D:13     | Bought the amulet of the Four Winds {rN+ Will+++ Clar} for
                  | 1092 gold pieces
 31541 | D:13     | Found the amulet of the Four Winds {rN+ Will+++ Clar}
 31706 | D:13     | Reached XP level 16. HP: 116/126 MP: 0/0
 31887 | D:13     | Found Coobb's Antique Weapon Emporium.
 32128 | D:13     | Found a gate to the Vaults.
 33716 | D:14     | Reached skill level 16 in Fighting
 34661 | D:14     | Noticed Roxanne
 34948 | D:15     | Entered Level 15 of the Dungeon
 35712 | D:15     | Found a staircase to the Depths.
 37311 | Snake:1  | Entered Level 1 of the Snake Pit
 37623 | Snake:1  | Reached XP level 17. HP: 120/135 MP: 0/0
 37623 | Snake:1  | Learned a level 7 spell: Enfeeble
 37684 | Snake:1  | Identified the +3 chain mail of Wuoth {+Inv rF++ Will-}
 37992 | Snake:1  | Reached skill level 17 in Fighting
 38520 | Snake:2  | Noticed Saint Roka
 39800 | Snake:2  | Killed Saint Roka
 40681 | Snake:3  | Noticed Ychaviel's ghost (journeyman DsDe)
 40681 | Snake:3  | Noticed ringo67's ghost (adept AtFi)
 40681 | Snake:3  | Found a runed translucent gate.
 40681 | Snake:3  | Found a runed translucent gate.
 40681 | Snake:3  | Found a runed translucent gate.
 40683 | Snake:3  | Noticed Sokuv's ghost (adept DECj)
 40691 | Snake:3  | Noticed Kirke
 40787 | Snake:3  | Noticed Aizul
 40895 | Snake:3  | Killed Kirke
 41390 | Shoals:1 | Entered Level 1 of the Shoals
 41404 | Shoals:1 | Paralysed by you for 4 turns
 42310 | Shoals:1 | Found a runed translucent door.
 43139 | Shoals:1 | Found Voxkoabb's Antique Armour Boutique.
 43181 | Shoals:1 | Reached XP level 18. HP: 74/124 MP: 0/0
 43898 | Shoals:1 | Found a corrupted altar of Lugonu.
 43898 | Shoals:1 | Found a one-way gate to the infinite horrors of the Abyss.
 44551 | Shoals:2 | Identified the +3 trident of Dissatisfaction {heavy, *Slow
                  | Will+ rCorr Dex+2}
 45346 | Shoals:2 | Noticed Polyphemus
 46632 | Shoals:2 | Killed Polyphemus
 46723 | Shoals:3 | Reached skill level 15 in Spellcasting
 47858 | Shoals:3 | Reached skill level 18 in Fighting
 48100 | Shoals:3 | Reached skill level 15 in Dodging
 48579 | Shoals:3 | Found a hide-covered altar of Uskayaw.
 49750 | Snake:2  | Upgraded the game from 0.30.1-9-gdf580d7c3d to
                  | 0.30.1-10-g1249ef9ec4
 50454 | Snake:3  | Killed Aizul
 50674 | Snake:3  | Noticed Dadghomedgh's ghost (adept GnHW)
 51277 | Shoals:4 | Entered Level 4 of the Shoals
 52249 | Shoals:4 | Reached XP level 19. HP: 146/151 MP: 0/0
 52249 | Shoals:4 | Learned a level 7 spell: Spellforged Servitor
 52533 | Shoals:4 | Got a barnacled rune of Zot
 54373 | Snake:4  | Entered Level 4 of the Snake Pit
 54649 | Snake:4  | Found a shimmering altar of Xom.
 55605 | Snake:4  | HP: 7/152 [guardian serpent (11)]
 55873 | Snake:4  | Reached skill level 1 in Invocations
 58023 | Snake:4  | Found Zanumn's General Store.
 58026 | Snake:4  | Bought 2 potions of resistance for 400 gold pieces
 58026 | Snake:4  | Bought a scroll of teleportation for 60 gold pieces
 58405 | Snake:4  | Reached skill level 19 in Fighting
 59389 | Snake:4  | Found Zanumn's General Store.
 59467 | Snake:4  | Found a shimmering altar of Xom.
 59644 | Snake:4  | Found a shimmering altar of Xom.
 59915 | Snake:4  | Found Zanumn's General Store.
 60310 | Snake:4  | Reached XP level 20. HP: 145/160 MP: 0/0
 60419 | Snake:4  | Got a serpentine rune of Zot
 60456 | Snake:4  | Upgraded the game from 0.30.1-10-g1249ef9ec4 to
                  | 0.30.1-11-g7821555f0a
 60797 | Vaults:1 | Entered Level 1 of the Vaults
 61032 | Vaults:1 | Reached skill level 1 in Long Blades
 62646 | Vaults:1 | Noticed Asterion
 62881 | Vaults:1 | Reached skill level 5 in Invocations
 62881 | Vaults:1 | Identified the ring of Fanaticism {Contam rF+++ Will+ rCorr
                  | Str-2}
 63068 | Vaults:1 | Killed from afar by an ironbound thunderhulk

Illustrated notes

Levels and vault maps discovered:
D:1:      scummos_arrival_simple_fountains, layout_basic, serial_forest,
          infiniplex_forest_clump_tiny, infiniplex_forest_3_way,
          infiniplex_forest_end_2, infiniplex_forest_3_way,
          infiniplex_forest_lined_ring, infiniplex_forest_side_room,
          infiniplex_forest_end_1, infiniplex_forest_end_2,
          infiniplex_forest_clump_small,
          dreamdust_ecumenical_altar_sealed_demon, minmay_misc_feat_doors,
          minivault_19
D:2:      minmay_alternating_diamond, layout_basic, basic_altar,
          uniq_crazy_yiuf_cottage
D:3:      layout_basic, amcnicky_altar_gilded, mainiacjoe_overflow_divided_tiny,
          serial_shops, nicolae_shop_crystal
D:4:      layout_basic, mainiacjoe_overflow_alcove_4, temple_pool_b,
          gammafunk_ghost_nasty_kobolds
D:5:      layout_rooms, dk_yredelemnul_ordeal, lemuel_tele_altar,
          mainiacjoe_overflow_concentric_impassable
D:6:      layout_loops_ring, portal_sewer_entry_b, uniq_maggie, uniq_eustachio,
          uniq_edmund
D:7:      layout_loops_corners, old_standard_altar,
          mainiacjoe_overflow_tiny_flanked, serial_demonic, serial_demonic_b,
          serial_demonic_a, serial_demonic_c, serial_demonic_a,
          serial_demonic_f, serial_demonic_b, serial_demonic_d,
          serial_demonic_d, serial_demonic_c, serial_demonic_d,
          lightli_bailey_entry_fortress, minmay_splitting_lines, minivault_27,
          minmay_quadrilaterals, uniq_duvessa
D:8:      layout_basic, grunt_temple_overflow_opulence, nicolae_wwwww,
          sigmund_army
D:9:      layout_loops_corners, dreamdust_divine_triumvirate,
          mainiacjoe_overflow_24_doors, pf_just_have_faith,
          minmay_orc_entry_guard_dogs, uniq_erica, uniq_harold
D:10:     layout_basic, due_lair_maze_entry_diamond,
          nicolae_trove_entry_diagonal, minivault_1, hangedman_decor_riveting
D:11:     layout_loops_cross, hangedman_decor_slide_cut, uniq_fannar
D:12:     layout_big_octagon
D:13:     layout_irregular_city, erik_vaults_2, serial_shops, shop_statue,
          nicolae_shop_hallway_plus, nicolae_shop_trees, uniq_sonja
D:14:     layout_gridville, nicolae_cairo_tiling_very_big,
          gauntlet_entry_generic, uniq_roxanne
D:15:     grunt_enter_depths_magical_seal, layout_basic
Temple:   nicolae_temple_two_arcs
Lair:1:   layout_regular_city, gammafunk_ghost_wrathful_warriors,
          enter_volcano_4, cheibrodos_lair_caveside_slide
Lair:2:   layout_regular_city, nicolae_snake_entry_squirm,
          nicolae_lair_run_with_the_wolves
Lair:3:   layout_big_grid, elwin_shoals_entry_rocks, wad_woods_01,
          grunt_megastairs_2, lemuel_fruit_fields
Lair:4:   layout_small_grid, uniq_urug
Lair:5:   hangedman_lair_tendril_chambers, layout_gridlike, slime_entry_1,
          special_room [special_room_mythical_zoo], uniq_josephine
Shoals:1: layout_shoals, serial_shops, nicolae_shop_tiny_glass,
          nicolae_shoals_abyss_on_the_beach
Shoals:2: nicolae_shoals_aurelia_aurita, layout_shoals,
          portal_ice_cave_entry_ice_statue_one, uniq_polyphemus
Shoals:3: layout_shoals, regret_index_shoals_crete
Shoals:4: shoals_end_grunt_garden, layout_shoals
Snake:1:  layout_rooms
Snake:2:  layout_layer_cave, hangedman_snake_corridor_split, uniq_saint_roka
Snake:3:  layout_cave_shapes, gammafunk_ghost_cemetery, st_stairs_5,
          grunt_megastairs_5, uniq_kirke, uniq_aizul
Snake:4:  grunt_snake_rune_serpentine_throne, layout_onion, basic_altar,
          serial_shops, nicolae_shop_tiny_real_fake_doors, nicolae_snake_omega
Orc:1:    layout_diamond_mine, basic_altar, special_room [special_room_orc]
Orc:2:    st_orc_mages, layout_caves, bh_open_orc_temple, uniq_nessos
Vaults:1: nicolae_vaults_offset_grid_hallway_2, grunt_vaults_focal,
          vaults_dpeg_doors, nicolae_vaults_trapezoid_3,
          nicolae_vaults_murderbox, hangedman_vaults_restitches,
          nicolae_vaults_tetromino_Z_1, ontoclasm_vaults_ligature,
          ontoclasm_vaults_spin, nicolae_vaults_house_1, hangedman_vaults_slice,
          serial_ice_g, nicolae_vaults_closet_pinwheel_5, nicolae_vaults_two_Ls,
          nicolae_vaults_network_barrier, nicolae_vaults_tetromino_Z_1,
          ontoclasm_vaults_idyll, nicolae_vaults_two_Ls,
          nicolae_vaults_closet_pinwheel_5, layout_vaults_maze_bifur,
          uniq_asterion

Skill      XL: |  1  2  3  4  5  6  7  8  9 10 11 12 13 14 15 16 17 18 19 20 |
---------------+-------------------------------------------------------------+-----
Fighting       | 1 2 3 4 6 7 9 10 11 13 14 15 16 17 18 19 | 19.0
Spellcasting   | 3 4 5 6 7 8 9 10 11 12 13 14 15 16 | 16.7
Dodging        | 3 4 5 6 7 8 9 10 11 12 13 14 15 16 | 16.5
Armour         | 1 2 3 4 5 6 |  6.0
Evocations     | 1 3 5 6 7 9 10 | 10.0
Shields        | 2 4 |  4.4
Invocations    | 3 5 |  5.2
Long Blades    | 2 |  2.9
Stealth        | |  1.5

Action                     |  1- 3 |  4- 6 |  7- 9 | 10-12 | 13-15 | 16-18 | 19-21 || total
---------------------------+-------+-------+-------+-------+-------+-------+-------++-------
  Melee: Unarmed           |     1 |       |       |       |       |       |       ||     1
         Short sword       |       |     1 |       |       |       |       |       ||     1
         Battleaxe         |       |       |       |    12 |       |       |       ||    12
         Staff             |       |       |       |       |       |     1 |     3 ||     4
         Falchion          |       |       |       |       |       |       |    34 ||    34
   Cast: Foxfire           |    72 |   135 |   220 |   110 |   278 |   116 |       ||   931
         Scorch            |       |    14 |   112 |   162 |   302 |   356 |   232 ||  1178
         Blink             |       |       |     1 |     2 |     6 |    16 |     9 ||    34
         Volatile Blastmot |       |       |       |    92 |     1 |     7 |       ||   100
         Flame Wave        |       |       |       |    25 |    15 |    17 |     2 ||    59
         Ensorcelled Hiber |       |       |       |     5 |    22 |     4 |       ||    31
         Freezing Cloud    |       |       |       |       |   283 |   298 |    53 ||   634
         Vampiric Draining |       |       |       |       |     1 |     1 |       ||     2
         Agony             |       |       |       |       |     1 |       |     2 ||     3
         Summon Cactus Gia |       |       |       |       |    36 |   167 |    90 ||   293
         Enfeeble          |       |       |       |       |       |    28 |     8 ||    36
         Inner Flame       |       |       |       |       |       |     2 |     1 ||     3
         Kiss of Death     |       |       |       |       |       |     2 |       ||     2
         Spellforged Servi |       |       |       |       |       |       |    55 ||    55
  Evoke: Wand              |       |       |     3 |       |    15 |    11 |     6 ||    35
    Use: Scroll            |       |     4 |     2 |     4 |    11 |    20 |    15 ||    56
         Potion            |       |       |     2 |       |     3 |    16 |    11 ||    32
   Stab: Invisible         |       |       |       |       |       |       |     1 ||     1
 Armour: Robe              |     1 |     2 |       |       |       |       |       ||     3
         Leather armour    |       |     2 |     5 |    35 |     1 |    94 |    67 ||   204
         Ring mail         |       |       |       |    19 |    30 |       |       ||    49
         Troll leather arm |       |       |       |       |       |       |     3 ||     3
  Dodge: Dodged            |     6 |    32 |    36 |   179 |   158 |   362 |   259 ||  1032
  Block: Buckler           |       |       |       |       |    17 |   126 |    72 ||   215
         Kite shield       |       |       |       |       |       |       |    34 ||    34
